 Dungeon Crawl Stone Soup version 0.15.2 (webtiles) character file.

4160 PolkaDot the Nimble (level 10, 0/74 HPs)
             Began as a Vampire Death Knight on Nov 17, 2014.
             Was a Priest of Yredelemnul.
             Killed by the air
             ... invoked by Gastronok
              (16 damage)
             ... on Level 8 of the Dungeon.
             The game lasted 00:30:09 (7700 turns).

PolkaDot the Nimble (Vampire Death Knight)          Turns: 7700, Time: 00:30:09

HP   0/74        AC 11     Str 14      XL: 10   Next:  7%
MP  18/18        EV 27     Int 13      God: Yredelemnul [***...]
Gold 314         SH  0     Dex 20      Spells:  0 memorised,  9 levels left

rFire  + . .     SeeInvis +     a - +2 spear
rCold  . . .     Clarity  +     p - +0 troll leather armour {Purgy}
rNeg   + + .     rCorr    .     (no shield)
rPois  .         rRot     .     b - +0 helmet
rElec  .         Spirit   .     y - +0 cloak
SustAb .         Warding  +     (no gloves)
rMut   .         Stasis   .     (no boots)
Gourm  .                        i - amulet of warding
MR     +++..                    n - cursed ring of protection from fire
                                l - ring of protection from magic

@: agile, extremely resistant to hostile enchantments, fairly stealthy
A: bottle blood, fangs 3, rough black scales 1, see invisible, clarity, magic
resistance 1, strong 1, unbreathing
a: Bat Form, Bottle Blood, Animate Dead, Recall Undead Slaves, Injury Mirror,
Renounce Religion


You were on level 8 of the Dungeon.
You worshipped Yredelemnul.
Yredelemnul was most pleased with you.
You were not thirsty.

You visited 1 branch of the dungeon, and saw 8 of its levels.
You also visited: Ossuary.

You collected 314 gold pieces.

Inventory:

Hand weapons
 a - a +2 spear (weapon)
Missiles
 w - 2 throwing nets (quivered)
Armour
 b - a +0 helmet (worn)
 p - a +0 troll leather armour (worn) {Purgy}
 y - a +0 cloak (worn)
Magical devices
 c - a wand of heal wounds (3)
 A - a wand of disintegration (0)
 B - a wand of cold (5) {unknown}
Scrolls
 e - a scroll of fog
 h - a scroll of immolation {unknown}
 k - a scroll of remove curse
 q - a scroll of magic mapping
 u - 2 scrolls of amnesia
 v - a scroll of random uselessness {unknown}
Jewellery
 i - an amulet of warding (around neck)
 j - a cursed ring of positive energy
 l - a ring of protection from magic (left hand)
 n - a cursed ring of protection from fire (right hand)
 o - an uncursed ring of teleport control
 D - an uncursed ring of stealth {unknown}
Potions
 f - 3 potions of restore abilities
 m - a potion of magic
 s - a potion of curing
 z - a potion of agility
Books
 d - a book of Clouds

   Spells                             Type                      Level
   Mephitic Cloud                     Conjuration/Poison/Air       3
   Conjure Flame                      Conjuration/Fire             3
   Poisonous Cloud                    Conjuration/Poison/Air       6
   Freezing Cloud                     Conjuration/Ice/Air          6
   Ring of Flames                     Charms/Fire                  7
 x - a book of Battle

   Spells                             Type                      Level
   Infusion                           Charms                       1
   Shroud of Golubria                 Charms/Translocation         2
   Song of Slaying                    Charms                       2
   Spectral Weapon                    Hexes/Charms                 3
   Regeneration                       Charms/Necromancy            3
Miscellaneous
 g - a fan of gales


   Skills:
 + Level 5.1 Fighting
 * Level 7.0 Polearms
 - Level 4.3 Armour
 - Level 12.7 Dodging
 + Level 5.2 Invocations


You had 9 spell levels left.
You didn't know any spells.

Dungeon Overview and Level Annotations

Branches:
Dungeon (8/15)             Temple (0/1) D:6
   Lair: D:8-11

Altars:
Cheibriados
Dithmenos
Kikubaaqudgha
Nemelex Xobeh
Okawaru
Trog
Yredelemnul

Shops:
D:7 [

Annotations:
D:8 Gastronok


Innate Abilities, Weirdness & Mutations

You can bottle blood from corpses.
You have razor-sharp teeth.
You have supernaturally acute eyesight.
You can survive without breathing.
You are partially covered in rough black scales (AC +4, Dex -1).
You possess an exceptional clarity of mind.
You are resistant to hostile enchantments.
Your muscles are strong. (Str +2)


Message History

You hit Gastronok.
Gastronok is severely wounded.
You hit Gastronok but do no damage.
Gastronok is severely wounded.
Gastronok bites you!!
* * * LOW HITPOINT WARNING * * *
You hit Gastronok.
Gastronok is severely wounded.
Read which item? (? for menu, Esc to quit)
Okay, then.
Evoke which item? (* to show all) (? for menu, Esc to quit)
Okay, then.
Read which item? (? for menu, Esc to quit)
Charge which item? (? for menu, Esc to quit)
As you read the scroll of recharging, it crumbles to dust.
Your wand of heal wounds (0) glows for a moment and now has 3 charges.
Gastronok waves his eye-stalks in wide circles.
The air twists around and strikes you!
You die...
Yredelemnul claims you as an undead slave.

. . ## #....... #.
#........ #. #........#
#. #########........ ##.
#.........##....# #..
#.........##.##.#####.#
#.....................#
#...(w@................
..........#.##.##..###.)#
......##.#.##.....####.#
...... #...#..###.......
..... ##..#<.####.#....
.#.# ##.........###.. #.
#....#(.####...
#.##.#..#....#.
#.........####.


You could see Gastronok.

Vanquished Creatures
  Menkaure (D:6)
  A water moccasin (D:7)
  An ogre (D:3)
  Sigmund (D:7)
  2 giant frogs
  2 water moccasin zombies (Ossuary)
  A wyvern zombie (D:7)
  10 wights (D:7)
  2 hounds
  A centaur zombie (D:5)
  A black bear zombie (D:6)
  A goliath beetle (D:4)
  Dowan (D:4)
  3 crimson imps
  A jelly (D:5)
  3 orc priests
  2 iguanas
  5 orc wizards
  7 worker ants
  A big kobold zombie (Ossuary)
  Ijyb (D:7)
  Terence (D:3)
  2 mummies (Ossuary)
  5 gnolls
  8 adders
  2 worms
  2 adder zombies (Ossuary)
  3 giant geckos
  15 orcs
  A ball python (D:2)
  A bat skeleton (D:5)
  2 giant cockroaches
  2 gnoll zombies (Ossuary)
  14 goblins
  7 hobgoblins
  6 jackals
  9 kobolds
  2 quokkas
  A ball python skeleton (D:5)
  12 bats
  A giant cockroach zombie (D:6)
  5 giant newts
  6 hobgoblin zombies (Ossuary)
  A jackal zombie (D:7)
  3 kobold zombies (Ossuary)
  An orc skeleton (D:5)
  4 orc zombies
  6 rats
170 creatures vanquished.

Vanquished Creatures (collateral kills)
  Prince Ribbit (D:6)
  Purgy (D:3)
  A phantom (D:7)
  A yellow wasp (D:7)
  2 ogres
  Duvessa (D:4)
  4 giant frogs
  An orc priest (D:6)
  2 worker ants
  2 adders (D:3)
  4 gnolls (D:4)
  An adder zombie (D:6)
  4 orcs
  2 hobgoblins
  A kobold (D:4)
28 creatures vanquished.

Vanquished Creatures (others)
  A wight (D:7)
  2 hound skeletons
  A worker ant zombie (D:5)
  An adder skeleton (D:3)
  An orc skeleton (D:4)
  A bat skeleton (D:3)
  A gnoll zombie (D:4)
  A gnoll skeleton (D:4)
  5 goblin zombies
  A hobgoblin skeleton (D:4)
  2 jackal skeletons (D:4)
  A jackal zombie (D:3)
  4 orc zombies (D:4)
22 creatures vanquished.

Grand Total: 220 creatures vanquished

Notes
Turn   | Place    | Note
--------------------------------------------------------------
     0 | D:1      | PolkaDot, the Vampire Death Knight, began the quest for the Orb.
     0 | D:1      | Reached XP level 1. HP: 16/16 MP: 1/1
    20 | D:1      | Found a sparkling altar of Nemelex Xobeh.
    28 | D:1      | Reached skill level 1 in Armour
   252 | D:1      | Reached XP level 2. HP: 22/22 MP: 2/2
   801 | D:2      | Reached XP level 3. HP: 6/27 MP: 4/4
  1119 | D:2      | Found a bloodstained altar of Trog.
  1125 | D:2      | Found an ancient bone altar of Kikubaaqudgha.
  1359 | D:2      | Acquired Yredelemnul's second power
  1631 | D:3      | Reached skill level 3 in Armour
  1923 | D:3      | Noticed Terence
  1975 | D:3      | Killed Terence
  1975 | D:3      | Reached XP level 4. HP: 6/33 MP: 5/5
  2213 | D:3      | Noticed Purgy
  2224 | D:3      | Killed Purgy
  2224 | D:3      | Reached skill level 4 in Armour
  2224 | D:3      | Reached XP level 5. HP: 8/38 MP: 6/6
  2253 | D:3      | Found a shadowy altar of Dithmenos.
  2771 | D:4      | Noticed an ogre
  2773 | D:4      | Noticed Duvessa
  2775 | D:4      | Noticed Dowan
  2790 | D:3      | Killed an ogre
  2817 | D:4      | Noticed an ogre
  2830 | D:4      | Reached XP level 6. HP: 25/44 MP: 8/8
  2842 | D:4      | Found a sand-covered staircase.
  2847 | Ossuary  | Entered an ossuary
  3275 | D:4      | Killed Dowan
  3299 | D:4      | Killed an ogre
  3299 | D:4      | Reached XP level 7. HP: 50/52 MP: 5/11
  3377 | D:4      | Killed Duvessa
  3548 | D:4      | Acquired Yredelemnul's third power
  3658 | D:4      | Found a snail-covered altar of Cheibriados.
  3859 | D:4      | Found an iron altar of Okawaru.
  4639 | D:5      | Entered Level 5 of the Dungeon
  4677 | D:5      | Reached skill level 5 in Polearms
  4776 | D:5      | Reached XP level 8. HP: 47/60 MP: 14/14
  5272 | D:5      | Found a basalt altar of Yredelemnul.
  5543 | D:6      | Reached skill level 12 in Dodging
  5543 | D:6      | Reached XP level 9. HP: 65/65 MP: 16/16
  5742 | D:6      | Noticed Menkaure
  5752 | D:6      | Killed Menkaure
  6066 | D:6      | Found a staircase to the Ecumenical Temple.
  6293 | D:6      | Noticed Prince Ribbit
  6301 | D:6      | Killed Prince Ribbit
  6754 | D:7      | Reached skill level 5 in Invocations
  6788 | D:7      | Noticed Sigmund
  6807 | D:7      | Killed Sigmund
  6865 | D:7      | Noticed Ijyb
  6898 | D:7      | Killed Ijyb
  6934 | D:7      | Found Veisionn's Armour Shop.
  7128 | D:7      | Received a gift from Yredelemnul
  7311 | D:7      | Reached skill level 5 in Fighting
  7438 | D:7      | Reached XP level 10. HP: 74/74 MP: 18/18
  7527 | D:7      | Paralysed by a yellow wasp for 3 turns
  7551 | D:7      | Your ally Ijyb died
  7667 | D:8      | Noticed Gastronok
  7673 | D:8      | Gained mutation: You are partially covered in rough black scales (AC +4, Dex -1). [potion of beneficial mutation]
  7674 | D:8      | Gained mutation: You are resistant to hostile enchantments. [potion of mutation]
  7674 | D:8      | Gained mutation: You possess an exceptional clarity of mind. [potion of mutation]
  7674 | D:8      | Gained mutation: Your muscles are strong. (Str +2) [potion of mutation]
  7700 | D:8      | Killed from afar by Gastronok

Action                   |  1- 3 |  4- 6 |  7- 9 | 10-12 || total
-------------------------+-------+-------+-------+-------++-------
Melee: Spear             |   198 |   215 |   673 |    85 ||  1171
Invok: Animate Remains   |     8 |     4 |       |       ||    12
       Recall Undead Sla |     2 |       |     2 |       ||     4
       Animate Dead      |       |       |    24 |       ||    24
       Injury Mirror     |       |       |     1 |     1 ||     2
Evoke: Wand              |       |     5 |     2 |     1 ||     8
       Fan of gales      |       |       |     1 |       ||     1
  Use: Potion            |     2 |     1 |     9 |     4 ||    16
       Scroll            |       |    11 |     4 |     1 ||    16
 Stab: Distracted        |     3 |     2 |     4 |     1 ||    10
       Sleeping          |       |       |     2 |       ||     2
       Invisible         |       |       |     5 |       ||     5
  Eat: Corpse            |    15 |    10 |    21 |       ||    46
